 Dungeon Crawl Stone Soup version 0.30-a0-743-gbfdf073431 (webtiles) character file.

Game seed: 10833421805243566594

31057 porpoise the Slicer (level 13, -1/96 HPs)
             Began as a Demonspawn Enchanter on Feb 7, 2023.
             Was an Elder of Dithmenos.
             Slain by a skeletal warrior
             ... wielding a +0 long sword
              (13 damage)
             ... on level 12 of the Dungeon.
             The game lasted 01:48:25 (17509 turns).

porpoise the Slicer (Demonspawn Enchanter)         Turns: 17509, Time: 01:48:26

Health: -1/96      AC: 12    Str:  9    XL:     13   Next: 23%
Magic:  8/20       EV: 18    Int: 18    God:    Dithmenos [****..]
Gold:   751        SH:  0    Dex: 17    Spells: 7/22 levels left

rFire   . . .      SeeInvis .    w - +2 scimitar (flame)
rCold   + . .      Faith    .    y - orb {guile}
rNeg    . . .      Spirit   .    j - +0 acid dragon scales
rPois   .          Reflect  .    (helmet unavailable)
rElec   .          Harm     .    r - scarf {repulsion}
rCorr   +          Rampage  .    i - +0 pair of gloves
Will    .....                    (no boots)
Stlth   +++++                    (no amulet)
HPRegen 0.36/turn                H - ring of protection from cold
MPRegen 0.17/turn                O - +4 ring of slaying

@: agile, confusing by touch, wreathed by umbra, repel missiles
A: horns 3, yellow scales 3, powered by death 2, powered by pain 1
a: Renounce Religion, Shadow Step


You were on level 12 of the Dungeon.
You worshipped Dithmenos.
Dithmenos was greatly pleased with you.
You visited 3 branches of the dungeon, and saw 17 of its levels.
You also visited: Ossuary.

You collected 891 gold pieces.
You spent 140 gold pieces at shops.

Inventory:

Hand Weapons
 a - a +1 dagger of speed
 b - a +0 sling of flaming
 d - the +3 flail of the Endless March {pain, rElec Str+3}
   (You found it on level 12 of the Dungeon)

   Str:       It affects your strength (+3).
   rElec:     It insulates you from electricity.
 w - a +2 scimitar of flaming (weapon)
Missiles
 N - a curare-tipped dart
Armour
 i - a +0 pair of gloves (worn)
 j - +0 acid dragon scales (worn)
 q - the +3 leather armour of Weightlessness {Str+2}
   (You found it on level 3 of the Dungeon)

   Str:       It affects your strength (+2).
 r - a scarf of repulsion (worn)
 y - an orb of guile (worn)
Jewellery
 e - a ring of protection from cold
 k - a ring of fire
 m - a ring of positive energy
 H - a ring of protection from cold (left hand)
 O - a +4 ring of slaying (right hand)
Wands
 h - a wand of quicksilver (2)
 u - a wand of mindburst (4)
 J - a wand of paralysis (13)
 L - a wand of flame (33)
 S - a wand of roots (14)
 X - a wand of digging (1)
Scrolls
 f - a scroll of blinking
 g - 3 scrolls of fog
 o - a scroll of enchant armour
 p - a scroll of butterflies
 x - a scroll of identify
 A - 5 scrolls of poison
 B - 3 scrolls of fear
 E - a scroll of vulnerability
 I - 3 scrolls of teleportation
Potions
 c - a potion of invisibility
 l - 5 potions of might
 n - 4 potions of haste
 s - a potion of heal wounds
 t - 4 potions of cancellation
 v - a potion of berserk rage
 z - 4 potions of lignification
 C - 4 potions of resistance
 D - a potion of ambrosia
 F - 6 potions of curing
 Q - a potion of attraction


   Skills:
 + Level 7.5 Fighting
 - Level 9.1(10.0) Short Blades
 - Level 6.0(8.4) Long Blades
 - Level 5.0 Armour
 - Level 5.0 Dodging
 + Level 8.4 Stealth
 - Level 5.0 Spellcasting
 - Level 5.0 Conjurations
 + Level 7.9 Hexes
 - Level 5.0 Translocations
 - Level 5.0 Ice Magic
 - Level 5.0 Invocations
 - Level 5.0 Evocations


You had 7 spell levels left.
You knew the following spells:

 Your Spells              Type           Power      Damage    Failure   Level
a - Confusing Touch       Hex            33%        N/A       2%          3
b - Lesser Beckoning      Tloc           44%        N/A       4%          2
d - Tukima's Dance        Hex            33%        N/A       2%          3
e - Ensorcelled Hibernat  Hex/Ice        54%        N/A       2%          2
k - Blink                 Tloc           44%        N/A       4%          2
z - Dazzling Flash        Conj/Hex       54%        N/A       4%          3

Your spell library contained the following spells:

 Spells                   Type           Power      Damage    Failure   Level
 Magic Dart               Conj           88%        1d7       2%          1
 Momentum Strike          Conj/Tloc      44%        3d9       4%          2
 Hailstorm                Conj/Ice       22%        3d7       9%          3
 Call Imp                 Summ           4%         N/A       32%         2
 Mephitic Cloud           Conj/Pois/Air  10%        N/A       32%         3
 Ice Form                 Ice/Tmut       13%        N/A       58%         4
 Iskenderun's Battlesphe  Conj           22%        2d8       58%         5
 Iron Shot                Conj/Erth      6%         9d2       100%        6
 Simulacrum               Ice/Necr       6%         N/A       100%        6
 Spellforged Servitor     Conj/Summ      6%         N/A       100%        7


Dungeon Overview and Level Annotations

Branches:
Dungeon (12/15)            Temple (1/1) D:6            Lair (4/5) D:11
  Swamp (0/4) Lair:2        Snake (0/4) Lair:3        Slime (0/5) Lair:4
    Orc (0/2) D:11        Ossuary (visited)

Altars:
Ashenzari
Cheibriados
Dithmenos
Fedhas
Gozag
Hepliaklqana
Kikubaaqudgha
Makhleb
Nemelex Xobeh
Okawaru
Qazlal
Ru
Sif Muna
Trog
Uskayaw
Vehumet
Wu Jian
Xom
Yredelemnul

Shops:
D:2 *   D:9 (*

Annotations:
D:1 exclusion: downstairs
D:3 2 transporters, bronco's ghost, weakling BaGl


Innate Abilities, Weirdness & Mutations

You have a pair of large horns on your head.
You are completely covered in yellow scales. (AC +4, rCorr)
You regenerate health from kills.
You sometimes gain a little power by taking damage.


Message History

Your hands begin to glow red.
Your +0 scimitar falls from the air.
The skeletal warrior barely misses you.
The skeletal warrior closely misses you.
The skeletal warrior hits you but does no damage.
Your +0 glaive hits the skeletal warrior but does no damage.
You catch the helpless skeletal warrior completely off-guard!
You hit the skeletal warrior but do no damage.
The skeletal warrior appears confused.
You headbutt the skeletal warrior, but do no damage.
Your +0 long sword completely misses the skeletal warrior.
The skeletal warrior hits you but does no damage.
The skeletal warrior misses you.
The skeletal warrior hits you but does no damage.
Your +0 glaive hits the skeletal warrior from afar!
You closely miss the skeletal warrior. You headbutt the skeletal warrior!
The skeletal warrior is moderately damaged.
The skeletal warrior closely misses you.
The skeletal warrior hits you!!
You focus on the pain.
You feel agile all of a sudden.
The skeletal warrior hits you with a +0 long sword!
You focus on the pain.
You feel your power returning.
Your +0 long sword misses the skeletal warrior.
You hit the skeletal warrior. You burn the skeletal warrior.
Your headbutt misses the skeletal warrior.
The skeletal warrior is moderately damaged.
The skeletal warrior hits you!
* * * LOW HITPOINT WARNING * * *
The skeletal warrior hits you!
* * * LOW HITPOINT WARNING * * *
The skeletal warrior hits you but does no damage.
Your +0 glaive hits the skeletal warrior from afar.
Your +0 long sword hits the skeletal warrior!
Casting: Confusing Touch (mildly dangerous; 2% risk of failure)
Confirm with . or Enter, or press ? or * to list all spells.
Your hands begin to glow red.
The skeletal warrior hits you.
* * * LOW HITPOINT WARNING * * *
The skeletal warrior completely misses you.
The skeletal warrior hits you with a +0 long sword!
You die...

.# .## #.###### ..#
#......# #'###
######.### ....###
#........### ....'.##
#......(>..# ....#..#
#.......(#.#
....##.###.....zzz#z#
....##..##.....†@.#..
>...###.##......z.###.
....# #...........# ##
.<..# ####........#
##### ##########


You could see 4 skeletal warriors and 2 friendly dancing weapons.

Vanquished Creatures
  A hydra (Lair:3)
  A two-headed ogre (D:10)
  Amaemon (D:9)
  A skeletal warrior (D:12)
  Pikel (D:9)
  2 bog bodies (Lair:2)
  3 cyclopes
  12 elephants
  Joseph (D:8)
  4 black mambas
  Maggie (D:8)
  9 cane toads
  An orange demon (D:9)
  A rime drake (Lair:3)
  4 unseen horrors
  7 komodo dragons
  2 trolls (D:10)
  2 polar bears
  Grinder (D:6)
  3 blink frogs (Lair:2)
  A shadow (D:11)
  A wraith (D:10)
  25 yaks
  4 wyverns
  2 basilisks
  Eustachio (D:4)
  2 vampire mosquitoes (D:12)
  Grum (D:8)
  3 acid dragons
  3 nagas (Lair:3)
  12 water moccasins
  3 orc warriors
  A black bear (Lair:4)
  A sky beast (D:7)
  4 ogres
  7 wolves
  3 centaurs
  2 phantoms (D:7)
  12 bullfrogs
  3 kobold brigands
  2 necrophages
  2 gnoll sergeants
  3 scorpions
  3 killer bees (D:12)
  3 howler monkeys (D:12)
  2 centaur zombies (Ossuary)
  Crazy Yiuf (D:5)
  A hound (D:5)
  A gnoll bouda (D:8)
  A human zombie (Ossuary)
  4 orc priests
  6 jellies
  An iguana (D:5)
  5 orc wizards
  6 mummies (Ossuary)
  15 gnolls
  8 adders
  A shadow imp (D:6)
  An ufetubus (D:7)
  A worm zombie (D:6)
  4 dart slugs
  21 orcs
  7 bats
  6 endoplasms
  4 giant cockroaches
  3 goblins
  7 hobgoblins
  3 jackals (D:3)
  2 quokkas
  13 ball pythons
  4 frilled lizards
  A goblin zombie (Ossuary)
  2 hobgoblin zombies (Ossuary)
  22 kobolds
  2 orc zombies (Ossuary)
  4 rats
321 creatures vanquished.

Vanquished Creatures (collateral kills)
  Harold (D:10)
  Erica (D:8)
2 creatures vanquished.

Vanquished Creatures (others)
  2 dancing weapons
  13 fungi
  11 plants
26 creatures vanquished.

Grand Total: 349 creatures vanquished

Notes
Turn   | Place    | Note
-------+----------+-------------------------------------------
     0 | D:1      | porpoise the Demonspawn Enchanter began the quest for the
                  | Orb.
     0 | D:1      | Reached XP level 1. HP: 13/13 MP: 3/3
    46 | D:1      | Reached skill level 1 in Short Blades
   327 | D:1      | Gained mutation: You have a pair of small horns on your
                  | head. [demonic ancestry]
   327 | D:1      | Reached XP level 2. HP: 20/20 MP: 5/5
   364 | D:1      | Reached skill level 1 in Fighting
   907 | D:1      | Learned a level 2 spell: Ensorcelled Hibernation
   949 | D:2      | Found a faded altar of an unknown god.
  1017 | D:2      | Reached XP level 3. HP: 26/26 MP: 6/6
  1155 | D:2      | Reached skill level 2 in Short Blades
  1471 | D:2      | Gained mutation: You are partially covered in yellow
                  | scales. (AC +2) [demonic ancestry]
  1471 | D:2      | Reached XP level 4. HP: 33/33 MP: 7/7
  1597 | D:2      | Found Xuitwoew's General Store.
  1616 | D:2      | Bought a scroll of identify for 24 gold pieces
  1622 | D:2      | Learned a level 3 spell: Confusing Touch
  2227 | D:3      | Identified the +3 leather armour of Weightlessness {Str+2}
  2277 | D:3      | Found a transporter.
  2300 | D:3      | Found a transporter.
  2531 | D:3      | Noticed bronco's ghost (weakling BaGl)
  2591 | D:4      | Noticed a scorpion
  2637 | D:3      | Gained mutation: You regenerate a little health from kills.
                  | [demonic ancestry]
  2637 | D:3      | Reached XP level 5. HP: 34/39 MP: 8/8
  2787 | D:4      | Noticed Eustachio
  2794 | D:4      | Killed Eustachio
  2795 | D:4      | Reached skill level 3 in Short Blades
  2795 | D:4      | Gained mutation: You regenerate health from kills. [demonic
                  | ancestry]
  2795 | D:4      | Reached XP level 6. HP: 46/46 MP: 9/9
  3284 | D:4      | Reached skill level 5 in Stealth
  3781 | D:5      | Entered Level 5 of the Dungeon
  3852 | D:5      | Reached skill level 4 in Short Blades
  3852 | D:5      | Gained mutation: You are mostly covered in yellow scales.
                  | (AC +3) [demonic ancestry]
  3852 | D:5      | Reached XP level 7. HP: 52/52 MP: 10/10
  4013 | D:5      | Learned a level 3 spell: Tukima's Dance
  4204 | D:5      | Found a shadowy altar of Dithmenos.
  4475 | D:5      | Found a runed translucent door.
  4476 | D:5      | Noticed Crazy Yiuf
  4483 | D:5      | Killed Crazy Yiuf
  4577 | D:5      | Reached skill level 5 in Short Blades
  4657 | D:5      | Gained mutation: You are completely covered in yellow
                  | scales. (AC +4, rCorr) [demonic ancestry]
  4657 | D:5      | Reached XP level 8. HP: 44/60 MP: 11/11
  4896 | D:6      | Found a sand-covered staircase.
  4897 | D:6      | Noticed Grinder
  5026 | Ossuary  | Entered an ossuary
  5292 | Ossuary  | Reached skill level 5 in Fighting
  5482 | D:6      | Found a staircase to the Ecumenical Temple.
  5488 | Temple   | Entered the Ecumenical Temple
  5690 | D:5      | Became a worshipper of Dithmenos the Shadowed
  5759 | D:6      | Killed Grinder
  5760 | D:6      | Reached skill level 6 in Short Blades
  5760 | D:6      | Reached skill level 1 in Armour
  5825 | D:6      | Reached skill level 5 in Hexes
  5927 | D:6      | Found a bloodstained altar of Trog.
  6146 | D:7      | Gained mutation: You have a pair of horns on your head.
                  | [demonic ancestry]
  6146 | D:7      | Reached XP level 9. HP: 68/68 MP: 13/13
  6276 | D:7      | Found a shimmering blue altar of Sif Muna.
  6632 | D:7      | Reached skill level 7 in Short Blades
  6695 | D:7      | Found a stormy altar of Qazlal.
  6697 | D:7      | Found a broken altar of Ashenzari.
  6838 | D:8      | Noticed Joseph
  6878 | D:8      | Killed Joseph
  6878 | D:8      | Reached * piety under Dithmenos
  6879 | D:8      | Reached skill level 1 in Ice Magic
  7181 | D:8      | Reached skill level 5 in Armour
  7259 | D:8      | Reached skill level 8 in Short Blades
  7621 | D:8      | Noticed Maggie
  7639 | D:8      | Killed Maggie
  7640 | D:8      | Reached XP level 10. HP: 44/74 MP: 13/15
  7788 | D:8      | Noticed Erica
  7801 | D:8      | Killed Erica
  7874 | D:8      | Noticed Grum
  7882 | D:8      | Killed Grum
  8267 | D:9      | Identified the +6 short sword "Giantslayer" {antimagic,
                  | *Corrode rF++ Will+ Stlth+}
  8461 | D:9      | Found Fyxip's Assorted Antiques.
  8469 | D:9      | Bought a short brass wand for 116 gold pieces
  8720 | D:9      | Found Zyexusoc's Weapon Shoppe.
  8729 | D:9      | Noticed a cyclops
  8736 | D:9      | Killed a cyclops
  8775 | D:9      | Noticed Pikel
  8791 | D:9      | Killed Pikel
  8792 | D:9      | Reached skill level 5 in Spellcasting
  8796 | D:9      | Reached skill level 5 in Ice Magic
  8800 | D:9      | Learned a level 3 spell: Dazzling Flash
  8900 | D:9      | Noticed Amaemon
  8900 | D:9      | Noticed an orange demon
  8907 | D:9      | Killed an orange demon
  8908 | D:9      | Reached skill level 1 in Evocations
  8926 | D:9      | Killed Amaemon
  8927 | D:9      | Reached skill level 5 in Dodging
  9041 | D:9      | Identified the +1 scale mail of Ynnoho Lim {rElec rPois rC-
                  | Str+6}
  9143 | D:10     | Entered Level 10 of the Dungeon
  9146 | D:10     | Noticed Harold
  9169 | D:10     | Killed Harold
  9170 | D:10     | Reached skill level 1 in Long Blades
  9320 | D:10     | Reached XP level 11. HP: 71/79 MP: 13/18
  9393 | D:10     | Reached ** piety under Dithmenos
  9823 | D:10     | Noticed a two-headed ogre
  9839 | D:10     | Killed a two-headed ogre
 10296 | D:11     | Found a staircase to the Orcish Mines.
 10501 | D:11     | Found a staircase to the Lair.
 10574 | Lair:1   | Entered Level 1 of the Lair of Beasts
 10701 | Lair:1   | Reached skill level 1 in Conjurations
 10701 | Lair:1   | Reached skill level 5 in Evocations
 10728 | Lair:1   | Reached skill level 1 in Invocations
 11746 | D:11     | Reached skill level 5 in Long Blades
 12622 | Lair:2   | Found a staircase to the Swamp.
 12643 | Lair:2   | Reached *** piety under Dithmenos
 12644 | Lair:2   | Reached skill level 5 in Invocations
 12920 | Lair:2   | Gained mutation: You have a pair of large horns on your
                  | head. [demonic ancestry]
 12920 | Lair:2   | Reached XP level 12. HP: 71/86 MP: 14/19
 13207 | Lair:2   | Reached skill level 5 in Conjurations
 13210 | Lair:2   | Learned a level 2 spell: Blink
 13213 | Lair:2   | Learned a level 2 spell: Lesser Beckoning
 13483 | Lair:2   | Reached skill level 1 in Translocations
 14932 | Lair:3   | Reached **** piety under Dithmenos
 15152 | Lair:3   | Found a staircase to the Snake Pit.
 15322 | Lair:3   | Reached skill level 5 in Translocations
 15544 | Lair:4   | Found a staircase to the Slime Pits.
 15571 | Lair:4   | Reached skill level 9 in Short Blades
 15582 | Lair:4   | Gained mutation: You sometimes gain a little power by
                  | taking damage. [demonic ancestry]
 15582 | Lair:4   | Reached XP level 13. HP: 96/96 MP: 11/20
 16647 | D:12     | Identified the +3 flail of the Endless March {pain, rElec
                  | Str+3}
 17509 | D:12     | Slain by a skeletal warrior

Illustrated notes

Levels and vault maps discovered:
D:1:      minmay_arrival_stone_box, layout_basic
D:2:      kb_forest_paths, layout_loops_ring, serial_shops, shop,
          nicolae_ecumenical_oubliette, minmay_tiny_reverse_x
D:3:      layout_rooms, gammafunk_ghost_stat_death
D:4:      minmay_general_purpose_star, layout_loops_ring, uniq_eustachio
D:5:      layout_basic, mainiacjoe_overflow_brackets, uniq_crazy_yiuf_cottage
D:6:      layout_rooms, nicolae_overflow_crystal_walls,
          minmay_temple_entry_hall, enter_ossuary_3, uniq_grinder
D:7:      layout_rooms, mainiacjoe_overflow_surrounded_room,
          nicolae_overflow_hidden_temple
D:8:      layout_basic, uniq_maggie, uniq_joseph, uniq_grum, uniq_erica
D:9:      layout_loops_ring, serial_shops, shop, kennysheep_mini, hex_large,
          uniq_amaemon, uniq_pikel
D:10:     layout_roguey, mainiacjoe_overflow_alcove_1, kennysheep_potato,
          uniq_harold
D:11:     layout_grid_maze, david_lair_shrubbed, orc_0_dummy
D:12:     layout_roguey [special_room_bee]
Temple:   eino_temple_rhombus
Lair:1:   layout_long_grid, grunt_megastairs_5
Lair:2:   layout_small_grid, skrybe_swamp_entry_bodies, serial_bayou_pond_b,
          lemuel_fruit_fields, lemuel_fruit_fields
Lair:3:   layout_cave_shapes, nicolae_snake_entry_squirm,
          cheibrodos_lair_reptile_den, lemuel_fruit_tree
Lair:4:   layout_roguey, nicolae_slime_entry_slimehenge

Skill      XL: |  1  2  3  4  5  6  7  8  9 10 11 12 13 |
---------------+----------------------------------------+-----
Short Blades   | 1 2 3 4 5 6 8 9 |  9.1
Fighting       | 1 2 3 4 5 7 |  7.5
Stealth        | 3 4 5 6 7 8 |  8.4
Hexes          | 5 6 7 |  7.9
Armour         | 2 5 |  5.0
Spellcasting   | 3 5 |  5.0
Ice Magic      | 3 5 |  5.0
Dodging        | 2 5 |  5.0
Evocations     | 3 5 |  5.0
Long Blades    | 1 5 6 |  6.0
Conjurations   | 4 5 |  5.0
Invocations    | 5 |  5.0
Translocations | 5 |  5.0

Action                     |  1- 3 |  4- 6 |  7- 9 | 10-12 | 13-15 || total
---------------------------+-------+-------+-------+-------+-------++-------
  Melee: Dagger            |   118 |   148 |     4 |   302 |    61 ||   633
         Headbutt          |    14 |    26 |    83 |   107 |    26 ||   256
         Rapier            |       |     7 |   401 |    83 |       ||   491
         Punch             |       |       |     6 |     1 |       ||     7
         Scimitar          |       |       |       |    43 |    18 ||    61
   Fire: Sling             |    27 |    35 |    89 |    71 |     3 ||   225
   Cast: Confusing Touch   |       |       |     3 |    30 |     6 ||    39
         Tukima's Dance    |       |       |     3 |     3 |     4 ||    10
         Ensorcelled Hiber |       |       |     1 |   123 |     7 ||   131
         Dazzling Flash    |       |       |       |     1 |       ||     1
  Evoke: Wand              |       |     4 |     4 |     3 |     1 ||    12
    Use: Scroll            |       |     7 |    13 |     6 |     5 ||    31
         Potion            |       |     1 |     2 |     3 |     1 ||     7
   Stab: Sleeping          |     1 |     4 |     6 |    65 |    11 ||    87
         Invisible         |       |     2 |       |     6 |       ||     8
         Distracted        |       |       |     2 |     1 |       ||     3
         Confused          |       |       |     2 |    26 |     1 ||    29
 Armour: Ring mail         |    47 |     5 |       |       |       ||    52
         Robe              |     1 |       |       |       |       ||     1
         Leather armour    |       |    55 |   147 |   157 |     6 ||   365
         Acid dragon scale |       |       |       |       |    20 ||    20
  Dodge: Dodged            |    53 |    84 |   194 |   288 |    41 ||   660

Table legend: (Time is in decaauts)
 A = Elapsed time spent in this place.
 B = Non-inter-level travel time spent in this place.
 C = Inter-level travel time spent in this place.
 D = Time resting spent in this place.
 E = Time spent auto-exploring this place.
 F = Levels seen in this place.
 G = Mean time per level.
                   A        B        C        D        E       F      G
               +--------+--------+--------+--------+--------+-----+--------+
         Total |  17160 |  16424 |    736 |   4204 |   8206 |  18 |  953.3 |
       Dungeon |  11612 |  11087 |    525 |   2680 |   5722 |  12 |  967.7 |
        Temple |    163 |    151 |     12 |      0 |    137 |   1 |  163.0 |
          Lair |   4967 |   4768 |    199 |   1395 |   2347 |   4 | 1241.8 |
       Ossuary |    416 |    416 |      0 |    129 |      0 |   1 |  416.0 |
               +--------+--------+--------+--------+--------+-----+--------+

Top non-repeatable levels by time:
  Lair:2: 1756 daAuts
    D:11: 1589 daAuts
     D:8: 1410 daAuts
     D:4: 1326 daAuts
  Lair:1: 1241 daAuts
  Lair:3: 1077 daAuts
     D:2: 1036 daAuts
     D:1: 1000 daAuts
     D:5: 977 daAuts
     D:9: 945 daAuts
  Lair:4: 893 daAuts
    D:10: 827 daAuts
     D:7: 805 daAuts
    D:12: 632 daAuts
     D:3: 592 daAuts
